 Dungeon Crawl Stone Soup version 0.32-a0-120-gfac0567ad4 (webtiles) character file.

Game seed: 6064788697306030429

36 hipposaver the Changeling (level 3, 0/26 HPs)
             Began as a Demonspawn Shapeshifter on Feb 7, 2024.
             Slain by a jackal (3 damage)
             ... on level 2 of the Dungeon.
             The game lasted 00:03:26 (688 turns).

hipposaver the Changeling (Demonspawn Shapeshifter)  Turns: 688, Time: 00:03:28

Health: 0/26       AC:  2    Str: 16    XL:     3   Next: 19%
Magic:  3/3        EV: 12    Int: 10    God:
Gold:   57         SH:  0    Dex: 14    Spells: 2/2 levels left

rFire   . .          .
                       - Unarmed
rCold   . . .        (no shield)
rNeg    . . .        a - +0 animal skin
rPois   .            (helmet currently unavailable)
rElec   .            (cloak currently unavailable)
rCorr   .            (gloves currently unavailable)
SInv    .            (boots currently unavailable)
Will    .....        (no amulet)
Stlth   ++           (no ring)
HPRegen 0.24/turn    (no ring)
MPRegen 0.08/turn

%: no passive effects
@: beast-form
A: beast (slay +1), thin skeletal structure 1, demonic guardian 1
a: Begin Untransformation


You were on level 2 of the Dungeon.
You were a hulking beast.
You visited 1 branch of the dungeon, and saw 2 of its levels.

You collected 57 gold pieces.

Inventory:

Armour
 a - a +0 animal skin (worn)
Talismans
 c - a beast talisman
 d - a flux talisman
Potions
 b - 2 potions of lignification
 e - a potion of degeneration {unknown}
 f - a potion of heal wounds
 h - 2 potions of cancellation {unknown}
 i - 2 potions of curing {unknown}


   Skills:
 + Level 1.1 Fighting
 + Level 2.1 Dodging
 + Level 3.1 Unarmed Combat
 + Level 3.1 Shapeshifting


You had 2 spell levels left.
You didn't know any spells.
Your spell library contained the following spells:

 Spells                   Type           Power      Damage    Failure   Level
 Apportation              Tloc           0%         N/A       36%         1
 Necrotise                Necr           0%         1d4       36%         1
 Sting                    Conj/Alch      0%         1d3       36%         1
 Summon Small Mammal      Summ           0%         N/A       36%         1
 Mercury Vapours          Alch/Air       0%         N/A       50%         2
 Mephitic Cloud           Conj/Alch/Air  0%         N/A       75%         3
 Freezing Cloud           Conj/Ice/Air   0%         6-21      100%        5


Dungeon Overview and Level Annotations

Branches:
Dungeon (2/15)

Altars:

Shops:
D:2 *

Annotations:
D:2 Sigmund


Innate Abilities, Weirdness & Mutations

You are a hulking beast.
Your limbs bulge with bestial killing power. (Slay +1)
You have a somewhat thin skeletal structure. (Dex +2, Stealth+)
A weak demonic guardian rushes to your aid.


Message History

You barely miss the jackal.
The jackal is almost dead.
The jackal closely misses you.
The jackal bites you but does no damage.
The jackal barely misses you.
The jackal bites you but does no damage.
You closely miss the jackal.
The jackal is almost dead.
The jackal closely misses you. The jackal bites you.
The jackal bites you but does no damage.
The jackal bites you.
You barely miss the jackal.
The jackal is almost dead.
The jackal completely misses you. The jackal closely misses you.
The jackal barely misses you. x2
You hit the jackal but do no damage.
The jackal is almost dead.
The jackal closely misses you. x2; The jackal bites you.
You barely miss the jackal.
The jackal is almost dead.
The jackal barely misses you. The jackal bites you. The jackal misses you.
The jackal barely misses you. The jackal bites you.
You completely miss the jackal.
The jackal is almost dead.
The jackal bites you but does no damage.
The jackal bites you. x2; The jackal barely misses you.
You barely miss the jackal.
The jackal is almost dead.
The jackal bites you.
* * * LOW HITPOINT WARNING * * *
The jackal barely misses you.
The jackal bites you but does no damage.
You closely miss the jackal.
The jackal is almost dead.
The jackal bites you.
* * * LOW HITPOINT WARNING * * *
A demonic guardian appears!
The jackal bites you but does no damage.
The jackal misses you. The jackal bites you.
You die...

######### #.......#
#.......# #....∩..#
#.......# #hhh....##
###########.h.......
.!..................
#......#.†..5....##
#......#.#.......#
##........#########
........###
##......##
#.......##
#........#


You could see 3 jackals and a friendly quasit (summoned).

Vanquished Creatures
  An adder (D:2)
  A ribbon worm (D:2)
  4 ball pythons
  4 bats
  2 endoplasms (D:1)
  A hobgoblin (D:1)
  2 quokkas
  3 goblins
  4 kobolds
  2 rats (D:1)
24 creatures vanquished.

Notes
Turn   | Place    | Note
-------+----------+-------------------------------------------
     0 | D:1      | hipposaver the Demonspawn Shapeshifter began the quest for
                  | the Orb.
     0 | D:1      | Reached XP level 1. HP: 15/15 MP: 1/1
   132 | D:1      | Gained mutation: A weak demonic guardian rushes to your
                  | aid. [demonic ancestry]
   132 | D:1      | Reached XP level 2. HP: 15/19 MP: 2/2
   488 | D:2      | Gained mutation: You have a somewhat thin skeletal
                  | structure. (Dex +2, Stealth+) [demonic ancestry]
   488 | D:2      | Reached XP level 3. HP: 19/26 MP: 3/3
   625 | D:2      | Noticed Sigmund
   670 | D:2      | Found Nuek's Assorted Antiques.
   688 | D:2      | Slain by a jackal

Illustrated notes

Levels and vault maps discovered:
D:1:      dpeg_arrival_rhombi, layout_rooms
D:2:      layout_rooms, serial_shops, shop, uniq_sigmund

Skill      XL: |  1  2 |
---------------+-------+-----
Unarmed Combat | 3 |  3.1
Shapeshifting  | 3 |  3.1
Dodging        | 2 |  2.1
Fighting       | |  1.1

Action                     || total
---------------------------++-------
  Melee: Unarmed           ||    85
         Punch             ||     3
    Use: Scroll            ||     3
   Stab: Sleeping          ||     1
 Armour: Animal skin       ||    57
  Dodge: Dodged            ||    68

Table legend: (Time is in decaauts)
 A = Elapsed time spent in this place.
 B = Non-inter-level travel time spent in this place.
 C = Inter-level travel time spent in this place.
 D = Time resting spent in this place.
 E = Time spent auto-exploring this place.
 F = Levels seen in this place.
 G = Mean time per level.
                   A        B        C        D        E       F      G
               +--------+--------+--------+--------+--------+-----+--------+
         Total |    682 |    681 |      1 |     98 |    374 |   2 |  341.0 |
       Dungeon |    682 |    681 |      1 |     98 |    374 |   2 |  341.0 |
               +--------+--------+--------+--------+--------+-----+--------+

Top non-repeatable levels by time:
     D:1: 455 daAuts
     D:2: 227 daAuts
